 Dungeon Sprint DCSS version 0.32-a0-450-g080537f31e (webtiles) character file.

Game seed: 11647115036295936049

460658 Prakerore the Ex Machina (level 19, 189/189 HPs)
             Began as a Coglin Hunter on Feb 23, 2024.
             Was an Initiate of Gozag.
             Escaped with the Orb!
             The game lasted 01:26:05 (4289 turns).

Prakerore the Ex Machina (Coglin Hunter)            Turns: 4289, Time: 01:26:06

Health: 189/189    AC: 30    Str: 25    XL:     19   Next: 15%
Magic:  40/41      EV: 44    Int: 10    God:    Gozag
Gold:   33758      SH:  5    Dex: 41    Spells: 35/36 levels left

rFire   + + +        R - +9 hand cannon (heavy) {Sagil-Zimu}
rCold   + + +        T - +3 greatsling "Punk" {acid, rCorr}
rNeg    + + +        Y - +3 chain mail of Absolutism {*Slow +Blink Will+++ Stlth-}
rPois   ∞            X - +0 helmet "Fofremor" {Regen+ Str+4 Dex+2 SInv}
rElec   +            u - scarf of the Past {repulsion, rF+ MP+9}
rCorr   +            D - +1 pair of gloves of Responsibility {rPois Dex+4}
SInv    +            p - +2 pair of boots of the Kitsune {Dex+6}
Will    +++++        V - amulet of Xeumaani {Reflect Rampage rC+ Slay+6 SH+5} Stlth
                     r - ring "Igaawut" {rF+ Dex+5}
HPRegen 1.31/turn    C - ring of Ysacefux {rElec rCorr Str+6 Dex+3}
MPRegen 0.27/turn

%: no teleportation, slow self (1%), repel missiles, reflection, rampage
@: brilliant, death-form, resistant, enlightened, very slightly contaminated,
studying 5 skills
A: vile attack, torment immunity, no potions, off-hand wielding, slow wielding,
warmup strikes, legs shutdown
0: Orb of Zot
a: Siphon Essence, Begin Untransformation, Renounce Religion, Evoke Blink,
Potion Petition, Call Merchant, Bribe Branch


You escaped.
You worshipped Gozag.
Gozag was extremely pleased with you.
You were an undying horror.
You visited 1 branch You collected 52084 gold pieces.
You paid 18326 gold pieces to Gozag.

Inventory:

Hand Weapons
 O - the +8 mithril axe "Arga" {speed, Will+}
   (You took it off a merfolk in the Dungeon)

   Will+:     It increases your willpower.
 R - a +9 heavy hand cannon (weapon) {Sagil-Zimu}
 T - the +3 greatsling "Punk" (offhand) {acid, rCorr}
   (You found it in the Dungeon)

   rCorr:     It protects you from acid and corrosion.
Armour
 e - the +7 chain mail "Uzifraet" {rElec Regen+ Dex+4}
   (You found it in the Dungeon)

   Dex+4:     It affects your dexterity (+4).
   rElec:     It insulates you from electricity.
   Regen+:    It increases your rate of health regeneration.
 m - +5 gold dragon scales
 p - the +2 pair of boots of the Kitsune (worn) {Dex+6}
   (You found it in the Dungeon)

   Dex+6:     It affects your dexterity (+6).
 u - the scarf of the Past (worn) {repulsion, rF+ MP+9}
   (You found it in the Dungeon)

   rF+:       It protects you from fire.
   MP+9:      It affects your magic capacity (+9).
 D - the +1 pair of gloves of Responsibility (worn) {rPois Dex+4}
   (You found it in the Dungeon)

   Dex+4:     It affects your dexterity (+4).
   rPois:     It protects you from poison
 X - the +0 helmet "Fofremor" (worn) {Regen+ Str+4 Dex+2 SInv}
   (You found it in the Dungeon)

   Str+4:     It affects your strength (+4).
   Dex+2:     It affects your dexterity (+2).
   SInv:      It lets you see invisible.
   Regen+:    It increases your rate of health regeneration.
 Y - the +3 chain mail of Absolutism (worn) {*Slow +Blink Will+++ Stlth-}
   (You found it in the Dungeon)

   Will+++:   It greatly increases your willpower.
   +Blink:    It lets you blink.
   *Slow:     It may slow you when you take damage.
   Stlth-:    It makes you less stealthy.
Jewellery
 i - the amulet of the Hungering Priest {Reflect *Corrode rPois rC+ Will+ SH+5}
   (You found it in the Dungeon)

   [amulet of reflection]

   Reflect:   It reflects blocked missile attacks.
   rC+:       It protects you from cold.
   rPois:     It protects you from poison Will+: It increases your willpower.
   *Corrode:  It may corrode you when you take damage.
   SH+5:      It affects your SH (+5).
 j - a ring of willpower
 o - the ring "Duzeukeini" {rN+ SInv}
   (You found it in the Dungeon)

   [ring of see invisible]

   rN+:       It protects you from negative energy.
   SInv:      It lets you see invisible.
 r - the ring "Igaawut" (left grasper) {rF+ Dex+5}
   (You found it in the Dungeon)

   [ring of protection from fire]

   Dex+5:     It affects your dexterity (+5).
   rF+:       It protects you from fire.
 C - the ring of Ysacefux (right grasper) {rElec rCorr Str+6 Dex+3}
   (You found it in the Dungeon)

   [ring of strength]

   Str+6:     It affects your strength (+6).
   Dex+3:     It affects your dexterity (+3).
   rElec:     It insulates you from electricity.
   rCorr:     It protects you from acid and corrosion.
 E - the ring of the Tortoise {AC+8}
   (You found it in the Dungeon)

   [ring of protection]

   AC+8:      It affects your AC (+8).
 F - the ring "Emif" {rC+ rCorr Dex+6}
   (You found it in the Dungeon)

   [ring of dexterity]

   Dex+6:     It affects your dexterity (+6).
   rC+:       It protects you from cold.
   rCorr:     It protects you from acid and corrosion.
 G - the ring of Pantheism {rPois rF+ Dex+4 SInv}
   (You found it in the Dungeon)

   [ring of see invisible]

   Dex+4:     It affects your dexterity (+4).
   rF+:       It protects you from fire.
   rPois:     It protects you from poison SInv: It lets you see invisible.
 H - a +6 ring of dexterity
 I - the ring of Muaxt {Fire MP+9 Str-5 SInv Stlth-}
   (You took it off Terence in the Dungeon)

   [ring of fire]

   Fire:      It enhances your fire magic.
   Str-5:     It affects your strength (-5).
   rF+:       It protects you from fire.
   rC-:       It makes you vulnerable to cold.
   MP+9:      It affects your magic capacity (+9).
   SInv:      It lets you see invisible.
   Stlth-:    It makes you less stealthy.
 L - a ring of flight
 V - the amulet of Xeumaani (around neck) {Reflect Rampage rC+ Slay+6 SH+5}
   (You took it off a naga mage in the Dungeon)

   [amulet of reflection]

   Reflect:   It reflects blocked missile attacks.
   Slay+6:    It affects your accuracy & damage with ranged weapons and melee
   (+6).
   rC+:       It protects you from cold.
   SH+5:      It affects your SH (+5).
   Rampage:   It bestows one free step when moving towards enemies.
 Z - the amulet "Gepe" {Reflect rF+ Slay+3 SH+5}
   (You found it in the Dungeon)

   [amulet of reflection]

   Reflect:   It reflects blocked missile attacks.
   Slay+3:    It affects your accuracy & damage with ranged weapons and melee
   (+3).
   rF+:       It protects you from fire.
   SH+5:      It affects your SH (+5).
Talismans
 J - a granite talisman
 M - a serpent talisman
 N - a blade talisman
 P - a beast talisman
 U - a talisman of death (active)
Wands
 f - a wand of polymorph (22)
 n - a wand of mindburst (12)
 q - a wand of iceblast (38)
 s - a wand of digging (30)
 w - a wand of charming (30)
 Q - a wand of flame (84)
 S - a wand of light (44)
Scrolls
 c - 4 scrolls of brand weapon
 y - 4 scrolls of amnesia
 z - 3 scrolls of fog
 A - 5 scrolls of identify
 B - a scroll of fear
Potions
 d - 5 potions of curing
 g - 7 potions of magic
 h - 3 potions of berserk rage
 t - 2 potions of brilliance
 v - a potion of resistance
 x - 9 potions of might
 K - 4 potions of haste
Miscellaneous
 a - a phantom mirror
 b - a box of beasts (inert)
 k - a phial of floods
 l - a tin of tremorstones (inert)
 W - a lightning rod (4/4)


   Skills:
 O Level 27 Fighting
 - Level 18.0 Ranged Weapons
 - Level 26.5 Armour
 O Level 27 Dodging
 - Level 0.7 Stealth
 - Level 9.1 Spellcasting
 O Level 27 Evocations
 + Level 26.8 Shapeshifting


You had 35 spell levels left.
You knew the following spells:

 Your Spells              Type           Power      Damage    Failure   Level
a - Apportation           Tloc           12%        N/A       30%         1

Your spell library contained the following spells:

 Spells                   Type           Power      Damage    Failure   Level
 Foxfire                  Conj/Fire      24%        2x1d5     30%         1
 Freeze                   Ice            24%        1d4       30%         1
 Kiss of Death            Conj/Necr      24%        2d7       30%         1
 Magic Dart               Conj           24%        1d4       30%         1
 Necrotise                Necr           24%        1d5       30%         1
 Sandblast                Erth           12%        2d6       30%         1
 Shock                    Conj/Air       24%        1d4       30%         1
 Slow                     Hex            24%        N/A       30%         1
 Sting                    Conj/Alch      24%        1d4       30%         1
 Summon Small Mammal      Summ           24%        N/A       30%         1
 Cigotuvi's Dreadful Rot  Necr/Alch/Air  12%        N/A       43%         2
 Ensorcelled Hibernation  Hex/Ice        12%        N/A       43%         2
 Jinxbite                 Hex            12%        N/A       43%         2
 Lesser Beckoning         Tloc           12%        N/A       43%         2
 Mercury Vapours          Alch/Air       12%        N/A       43%         2
 Searing Ray              Conj           12%        2d4       43%         2
 Static Discharge         Conj/Air       12%        3-4/arc   43%         2
 Confusing Touch          Hex            6%         N/A       67%         3
 Dazzling Flash           Conj/Hex       12%        N/A       67%         3
 Fugue of the Fallen      Necr           6%         N/A       67%         3
 Gell's Gravitas          Tloc           6%         N/A       67%         3
 Inner Flame              Hex/Fire       6%         N/A       67%         3
 Mephitic Cloud           Conj/Alch/Air  6%         N/A       67%         3
 Ozocubu's Armour         Ice            6%         N/A       67%         3
 Passwall                 Erth           6%         N/A       67%         3
 Summon Ice Beast         Ice/Summ       6%         N/A       67%         3
 Swiftness                Air            6%         N/A       67%         3
 Teleport Other           Tloc           6%         N/A       67%         3
 Tukima's Dance           Hex            6%         N/A       67%         3
 Volatile Blastmotes      Fire/Tloc      12%        2d11      67%         3
 Airstrike                Air            3%         2d(1-17)  97%         4
 Anguish                  Hex/Necr       3%         N/A       97%         4
 Animate Armour           Summ/Erth      12%        N/A       97%         4
 Cause Fear               Hex            3%         N/A       97%         4
 Dispel Undead            Necr           6%         3d8       97%         4
 Flame Wave               Conj/Fire      6%         2d5       97%         4
 Fulminant Prism          Conj/Alch      3%         3d5       97%         4
 Ignite Poison            Fire/Alch      6%         N/A       97%         4
 Iskenderun's Mystic Bla  Conj/Tloc      6%         2d4       97%         4
 Leda's Liquefaction      Alch/Erth      3%         N/A       97%         4
 Martyr's Knell           Necr/Summ      6%         N/A       97%         4
 Olgreb's Toxic Radiance  Alch           6%         N/A       97%         4
 Sticky Flame             Fire/Alch      6%         2d4       97%         4
 Summon Lightning Spire   Summ/Air       6%         N/A       97%         4
 Vhi's Electric Charge    Tloc/Air       12%        N/A       97%         4
 Alistair's Intoxication  Alch           4%         N/A       100%        5
 Arcjolt                  Conj/Air       3%         1d13      100%        5
 Freezing Cloud           Conj/Ice/Air   3%         6-21      100%        5
 Iskenderun's Battlesphe  Conj           6%         2d6       100%        5
 Lee's Rapid Deconstruct  Erth           3%         3d5*      100%        5
 Metabolic Englaciation   Hex/Ice        3%         N/A       100%        5
 Silence                  Hex/Air        3%         N/A       100%        5
 Summon Forest            Summ/Tloc      3%         N/A       100%        5
 Summon Mana Viper        Hex/Summ       6%         N/A       100%        5
 Bombard                  Conj/Erth      3%         9d1       100%        6
 Conjure Ball Lightning   Conj/Air       3%         3x3d6     100%        6
 Plasma Beam              Fire/Air       3%         2x1d13    100%        6
 Sculpt Simulacrum        Ice/Alch       3%         N/A       100%        6
 Starburst                Conj/Fire      3%         6d3       100%        6
 Summon Cactus Giant      Summ           3%         N/A       100%        6
 Haunt                    Necr/Summ      3%         N/A       100%        7
 Monstrous Menagerie      Summ           3%         N/A       100%        7
 Summon Hydra             Summ           3%         N/A       100%        7
 Borgnjor's Revivificati  Necr           3%         N/A       100%        8
 Discord                  Hex            3%         N/A       100%        8
 Disjunction              Tloc           3%         N/A       100%        8
 Ignition                 Fire           3%         3d4       100%        8
 Infestation              Necr           3%         N/A       100%        8
 Lehudib's Crystal Spear  Conj/Erth      3%         10d2      100%        8
 Maxwell's Capacitive Co  Air            3%         ∞         100%        8
 Chain Lightning          Conj/Air       3%         3d4       100%        9
 Death's Door             Necr           3%         N/A       100%        9
 Fire Storm               Conj/Fire      3%         8d1       100%        9
 Shatter                  Erth           3%         3d7*      100%        9
 Animate Dead             Necr           Unusable   N/A       N/A         4

Dungeon Overview and Level Annotations

Branches:
Dungeon (1/1)

Altars:
Ashenzari
Cheibriados
Dithmenos
Elyvilon
Fedhas
Gozag
Hepliaklqana
Kikubaaqudgha
Makhleb
Nemelex Xobeh
Okawaru
Qazlal
Ru
Sif Muna
Trog
Uskayaw
Vehumet
Wu Jian
Xom
Yredelemnul
Zin
The Shining One
Beogh
Jiyva
Lugonu

Annotations:
D Antaeus, Cerebov, Ereshkigal, Jory, Kirke, Lom Lobon, Margery, Tiamat, Xtahua


Innate Abilities, Weirdness & Mutations

You are an undying horror.
Your melee and unarmed attacks drain, slow and weaken victims.
You are immune to unholy pain and torment.
You cannot drink.
You are immune to poison.
You can wield a second weapon in your off-hand.
It takes a long time for you to wield or remove held weapons.
Your first few attacks do less damage.
Attacking and casting redirects power from your legs.


Message History

You feel yourself slow down.
You start resting.
You are starting to lose your buoyancy.
Casting: Apportation (safe; 30% risk of failure)
Confirm with . or Enter, or press ? or * to list all spells.
Okay, then.
There is a staircase leading out of the dungeon here.
You start resting.
HP restored.
Casting: Apportation (safe; 30% risk of failure)
Confirm with . or Enter, or press ? or * to list all spells.
Aiming: Apportation (safe; 30% risk of failure)
Press: ? - help, Dir - move target Apport: the Orb of Zot You feel a surge of power!
You miscast Apportation.
You are very lightly contaminated with residual magic.
Nothing appears to happen.
You feel a little less mighty now.
Casting: Apportation (safe; 30% risk of failure)
Confirm with . or Enter, or press ? or * to list all spells.
Aiming: Apportation (safe; 30% risk of failure)
Press: ? - help, Dir - move target Apport: the Orb of Zot You feel a surge of power!
You miscast Apportation.
Nothing appears to happen.
Unknown command.
Casting: Apportation (safe; 30% risk of failure)
Confirm with . or Enter, or press ? or * to list all spells.
Aiming: Apportation (safe; 30% risk of failure)
Press: ? - help, Dir - move target Apport: the Orb of Zot You feel a surge of power!
The Orb shrieks as your magic touches it!
The lords of Pandemonium are not amused.
Beware!
Now pick up the Orb and get out of here!
Yoink!
You pull the item towards yourself.
You float gracefully downwards.
You pick up the Orb of Zot!
The Orb lets out an ear-shattering shriek!
Now all you have to do is get back out of the dungeon!
Unknown command.
You have escaped!

............▓.............▓...ß©ß
......(.....▓..▓.......▓..▓.)...)
.(..........▓.............▓.)..))
............▓.)...........▓.)....
............▓......©......▓..)..|
............▓▓▓▓▓▓▓▓▓▓▓▓▓▓▓......
▓.......▓.).▓ßßßßßßßßßßßßß▓....).
▓▓.....▓▓▓.)▓ß...........ß▓......
▓.......▓...▓ß..z.....©..ß▓.▓.)).
........)...▓ß...........ß▓....©.
....©.......▓ßßßßßßßßßßßßß▓▓▓▓▓▓▓
▓▓▓▓▓▓▓▓▓▓▓▓▓▓▓▓▓▓▓▓▓▓▓▓▓▓▓▓▓▓▓▓▓
.....ß©ß........▓........ß©ß.....
%))))==.[)))|...▓.:[)..[[.)).."[.
.[[.|.||))|[.[|.▓.:).|)))=)[[..|.
:)=))|[.||.[|[).▓...).[)[))=)).).
....(...........▓........).)=).).


There were no monsters in sight!

Vanquished Creatures
  Saint Roka (D)
  the Enchantress (D)
  4 hellephants (D)
  15 searing wretches (D)
  2 deep elf blademasters (D)
  6 titans (D)
  A quicksilver dragon (D)
  A deep elf master archer (D)
  2 acid blobs (D)
  Chuck (D)
  5 nagarajas (D)
  13 fire giants (D)
  4 azure jellies (D)
  3 rockslimes (D)
  A nargun (D)
  7 balrugs (D)
  8 frost giants (D)
  2 very ugly things (D)
  14 stone giants (D)
  A quicksilver ooze (D)
  A wendigo (D)
  A dire elephant (D)
  A crystal guardian (D)
  2 merfolk javelineers (D)
  3 merfolk impalers (D)
  An entropy weaver (shapeshifter) (D)
  9 ettins (D)
  A deep elf high priest (D)
  2 hydras (D)
  Erolcha (D)
  Harold (D)
  5 anacondas (D)
  2 boulder beetles (D)
  A dancing weapon (D)
  3 catoblepae (D)
  3 merfolk aquamancers (D)
  2 hell hogs (D)
  2 stokers (D)
  9 naga warriors (D)
  A two-headed ogre (shapeshifter) (D)
  Urug (D)
  2 skysharks (D)
  A shock serpent (shapeshifter) (D)
  A skyshark (shapeshifter) (D)
  A fire crab (shapeshifter) (D)
  3 sea snakes (D)
  3 orb spiders (shapeshifter) (D)
  A sea snake (shapeshifter) (D)
  A glowing orange brain (D)
  A mana viper (shapeshifter) (D)
  Pikel (D)
  2 large abominations (D)
  An oklob plant (D)
  A deep elf pyromancer (D)
  A glowing shapeshifter (D)
  2 ugly things (D)
  A faun (D)
  Maurice (D)
  2 shining eyes (D)
  16 cyclopes (D)
  7 draconians (D)
  2 manticores (D)
  7 black mambas (D)
  A meliai (shapeshifter) (D)
  3 water nymphs (D)
  2 elephants (D)
  2 guardian serpents (D)
  A guardian serpent (shapeshifter) (D)
  An eye of devastation (D)
  9 cane toads (D)
  8 naga magi (D)
  A torpor snail (D)
  A gargoyle (D)
  A hellion (D)
  4 rime drakes (D)
  5 komodo dragons (D)
  4 tormentors (D)
  Psyche (D)
  A freezing wraith (D)
  3 wind drakes (D)
  3 merfolk (D)
  A queen bee (shapeshifter) (D)
  2 polar bears (D)
  A troll (shapeshifter) (D)
  5 blink frogs (D)
  A dream sheep (D)
  3 snapping turtles (D)
  A blink frog (shapeshifter) (D)
  6 slime creatures (D)
  9 yaks (D)
  3 wyverns (D)
  An air elemental (D)
  A human (shapeshifter) (D)
  3 golden eyes (D)
  A steam dragon (D)
  5 basilisks (D)
  Grum (D)
  5 neqoxecs (D)
  Edmund (D)
  3 nagas (D)
  Duvessa (D)
  17 water moccasins (D)
  A swamp drake (D)
  A black bear (D)
  3 wolves (D)
  A phantom (D)
  Blork the orc (D)
  4 bullfrogs (D)
  An earth elemental (D)
  2 wights (D)
  Dowan (D)
  2 crimson imps (D)
  2 quasits (D)
  5 iron imps (D)
  3 jellies (D)
  Terence (D)
  7 adders (D)
  A shadow imp (D)
  A white imp (D)
  2 ufetubi (D)
  2 adder skeletons (D)
  6 ball pythons (D)
  2 bat skeletons (D)
  A bat zombie (D)
  An endoplasm (D)
  2 jackals (D)
  A ball python simulacrum (D)
  A ball python skeleton (D)
  2 bat simulacra (D)
  A quokka simulacrum (D)
  A quokka skeleton (D)
  6 ball lightnings (D)
  A fire vortex (D)
390 creatures vanquished.

Vanquished Creatures (collateral kills)
  Ignacio (D)
  Nikola (D)
  2 Brimstone Fiends (D)
  A hellephant (D)
  2 deep elf master archers (D)
  An acid blob (D)
  3 titans (D)
  2 deep elf blademasters (D)
  2 quicksilver dragons (D)
  Agnes (D)
  2 nagarajas (D)
  A rockslime (D)
  An azure jelly (D)
  A fire giant (D)
  5 frost giants (D)
  5 iron dragons (D)
  4 deep elf sorcerers (D)
  4 stone giants (D)
  3 deep elf annihilators (D)
  3 iron golems (D)
  2 ettins (D)
  4 crystal guardians (D)
  2 deep elf high priests (D)
  A naga warrior (D)
  6 dancing weapons (D)
  2 deep elf archers (D)
  3 deep elf zephyrmancers (D)
  2 deep elf pyromancers (D)
  A cyclops (D)
  3 naga magi (D)
  3 gargoyles (D)
  A tormentor (D)
  2 trolls (D)
  A naga (D)
  A water moccasin (D)
  An ogre (D)
  6 earth elementals (D)
  A jelly (D)
  2 fire vortices (D)
89 creatures vanquished.

Vanquished Creatures (others)
  the Royal Jelly (D)
  the Serpent of Hell (D)
  Frederick (D)
  Mennas (D)
  Sojobo (D)
  Geryon (D)
  Rupert (D)
  Nellie (D)
  3 acid blobs (D)
  A titan (D)
  3 frost giants (D)
  4 azure jellies (D)
  2 rockslimes (D)
  Louise (D)
  2 quicksilver oozes (D)
  Azrael (D)
  Nessos (D)
  Snorg (D)
  2 two-headed ogres (D)
  Sonja (D)
  Nergalle (D)
  A guardian serpent (D)
  A merfolk siren (D)
  A komodo dragon (D)
  Eustachio (D)
  Sigmund (D)
  Menkaure (D)
  Crazy Yiuf (D)
  Ijyb (D)
  A bat simulacrum (D)
  5 ball lightnings (D)
  16 fire vortices (D)
61 creatures vanquished.

Grand Total: 540 creatures vanquished

Notes
Turn   | Place    | Note
-------+----------+-------------------------------------------
     0 | D        | Prakerore the Coglin Hunter began the quest for the Orb.
     0 | D        | Reached XP level 1. HP: 16/16 MP: 1/1
     0 | D        | Found a blossoming altar of Fedhas.
     0 | D        | Found the +6 Majin-Bo {spellvamp, MP+6 Int+6}
     0 | D        | Found the +27 heavy crossbow "Sniper" {heavy, Acc+∞ SInv}
     0 | D        | Found the +10 dark maul {heavy}
     0 | D        | Found the +15 Maxwell's patent armour {-Cast -Tele rElec
                  | Will+ rCorr}
     0 | D        | Found the +18 shield of the Gong {Loud rN+ Will+ rCorr
                  | EV-5}
     0 | D        | Found the +16 obsidian axe {drain, demonic, Mesm ^Drain Fly
                  | SInv}
     0 | D        | Found the +7 great mace "Firestarter" {flame, immolate,
                  | rFlCloud rF++}
     0 | D        | Found the +6 shillelagh "Devastator" {shatter}
     0 | D        | Found the +11 plutonium sword {^Contam Stlth-}
     0 | D        | Found the +8 lance "Wyrmbane" {slay drac, rPois rF+ rC+
                  | AC+3}
     0 | D        | Found the +9 sword of Zonguldrok {reap}
     0 | D        | Found the +13 scythe of Curses {drain, curses, ^Drain}
     0 | D        | Found the +9 sword of Power {lifebolt}
     0 | D        | Found the +7 mace of Variability {chaos, chaos arc}
     0 | D        | Found the +11 Singing Sword {sonic wave}
     0 | D        | Found the +8 storm bow {elec, penet}
    57 | D        | Found a shimmering blue altar of Sif Muna.
    57 | D        | Found a sacrificial altar of Ru.
    57 | D        | Found a bloodstained altar of Trog.
    57 | D        | Found a stormy altar of Qazlal.
    57 | D        | Found an iron altar of Okawaru.
    57 | D        | Found a sparkling altar of Nemelex Xobeh.
    59 | D        | Found a transporter.
    59 | D        | Found an ancient bone altar of Kikubaaqudgha.
    59 | D        | Found a viscous altar of Jiyva.
    59 | D        | Found a corrupted altar of Lugonu.
    59 | D        | Found a hazy altar of Hepliaklqana.
    59 | D        | Found a burning altar of Makhleb.
    59 | D        | Found an opulent altar of Gozag.
   185 | D        | Became a worshipper of Gozag Ym Sagoz the Greedy
   192 | D        | Reached XP level 2. HP: 22/22 MP: 2/2
   213 | D        | Entered arena 2.
   213 | D        | Noticed a draconian
   213 | D        | Noticed a draconian
   213 | D        | Found a transporter.
   240 | D        | Got the +9 plate armour of Bedevilment {Str+4}
   295 | D        | Killed a draconian
   296 | D        | Reached skill level 5 in Evocations
   296 | D        | Reached skill level 10 in Armour
   296 | D        | Reached XP level 3. HP: 27/27 MP: 3/3
   296 | D        | Reached XP level 4. HP: 33/33 MP: 4/4
   296 | D        | Reached XP level 5. HP: 38/38 MP: 5/5
   296 | D        | Reached XP level 6. HP: 44/44 MP: 6/6
   303 | D        | Killed a draconian
   304 | D        | Reached XP level 7. HP: 41/50 MP: 7/7
   341 | D        | Entered arena 3.
   341 | D        | Noticed a steam dragon
   341 | D        | Noticed a rime drake
   341 | D        | Found a transporter.
   350 | D        | Killed a rime drake
   351 | D        | Reached XP level 8. HP: 47/56 MP: 8/8
   357 | D        | Reached skill level 5 in Fighting
   505 | D        | Got the +0 helmet "Fofremor" {Regen+ Str+4 Dex+2 SInv}
   512 | D        | Entered arena 4.
   512 | D        | Found a transporter.
   535 | D        | Got the +3 chain mail of Absolutism {*Slow +Blink Will+++
                  | Stlth-}
   547 | D        | Got the amulet of Elawn {RegenMP Will+ Str+2 Int+3 Slay+2}
   552 | D        | Got the ring "Duzeukeini" {rN+ SInv}
   579 | D        | Entered arena 5.
   579 | D        | Found a transporter.
   611 | D        | Entered arena 6.
   611 | D        | Noticed a draconian
   611 | D        | Noticed a draconian
   611 | D        | Noticed a draconian
   611 | D        | Noticed a draconian
   611 | D        | Noticed a draconian
   611 | D        | Found a transporter.
   622 | D        | Killed a draconian
   623 | D        | Reached XP level 9. HP: 49/69 MP: 9/9
   623 | D        | Killed a draconian
   631 | D        | Killed a draconian
   632 | D        | Reached skill level 15 in Ranged Weapons
   632 | D        | Killed a draconian
   634 | D        | Killed a draconian
   635 | D        | Reached XP level 10. HP: 41/76 MP: 10/10
   694 | D        | Got the +1 pair of gloves of Responsibility {rPois Dex+4}
   704 | D        | Entered arena 7.
   704 | D        | Noticed a large abomination
   712 | D        | Killed a large abomination
   732 | D        | Found a transporter.
   751 | D        | Got the Compendium of the Excruciating Fair Folk
   757 | D        | Entered arena 8.
   757 | D        | Noticed a white ugly thing
   768 | D        | Killed a brown ugly thing
   783 | D        | Found a transporter.
   816 | D        | Entered arena 9.
   816 | D        | Noticed a black mamba
   816 | D        | Noticed a black mamba
   820 | D        | Killed a black mamba
   821 | D        | Killed a black mamba
   822 | D        | Reached skill level 10 in Evocations
   828 | D        | Found a transporter.
   852 | D        | Entered arena 10.
   852 | D        | Noticed a large abomination
   866 | D        | Reached skill level 10 in Fighting
   871 | D        | Killed a large abomination
   872 | D        | Reached XP level 11. HP: 54/90 MP: 11/11
   903 | D        | Found a transporter.
   930 | D        | Entered arena 11.
   938 | D        | Found a transporter.
   965 | D        | Acquired a ring of protection from fire
   970 | D        | Entered arena 12.
   970 | D        | Found the +3 robe of Clouds {*Thunder rCloud rElec}
   970 | D        | Noticed a two-headed ogre
   970 | D        | Noticed a cyclops
   970 | D        | Noticed a two-headed ogre
   970 | D        | Noticed a cyclops
   970 | D        | Noticed a stone giant
   970 | D        | Noticed a stone giant
   979 | D        | Noticed a stone giant
   988 | D        | Killed a stone giant
   990 | D        | Killed a stone giant
   991 | D        | Reached skill level 15 in Fighting
   995 | D        | Killed a cyclops
   998 | D        | Killed a stone giant
  1027 | D        | Found a transporter.
  1036 | D        | Killed a cyclops
  1037 | D        | Reached skill level 5 in Dodging
  1064 | D        | Got the Verses on Bedrock
  1084 | D        | Entered arena 13.
  1084 | D        | Found the +8 Wrath of Trog {antimagic, *Rage Rampage}
  1084 | D        | Noticed Pikel
  1084 | D        | Noticed Psyche
  1084 | D        | Noticed Saint Roka
  1084 | D        | Noticed Edmund
  1084 | D        | Noticed Duvessa
  1084 | D        | Noticed Blork the orc
  1084 | D        | Noticed Maurice
  1084 | D        | Noticed Dowan
  1085 | D        | Noticed Erolcha
  1085 | D        | Identified the ring of Muaxt {Fire MP+9 Str-5 SInv Stlth-}
  1085 | D        | Noticed Terence
  1089 | D        | Noticed Grum
  1090 | D        | Killed Terence
  1093 | D        | Killed Duvessa
  1094 | D        | Reached skill level 1 in Shapeshifting
  1094 | D        | Killed Edmund
  1096 | D        | Killed Maurice
  1097 | D        | Found a transporter.
  1098 | D        | Killed Psyche
  1100 | D        | Killed Blork the orc
  1106 | D        | Killed Saint Roka
  1107 | D        | Reached XP level 12. HP: 63/114 MP: 12/12
  1110 | D        | Killed Erolcha
  1111 | D        | Killed Grum
  1112 | D        | Killed Dowan
  1139 | D        | Killed Pikel
  1212 | D        | Learned a level 1 spell: Apportation
  1214 | D        | Entered arena 14.
  1215 | D        | Noticed an azure jelly
  1215 | D        | Noticed a titan
  1215 | D        | Noticed a nargun
  1216 | D        | Noticed an azure jelly
  1216 | D        | Noticed a wendigo
  1216 | D        | Noticed a frost giant
  1230 | D        | Killed an azure jelly
  1231 | D        | Reached skill level 10 in Shapeshifting
  1236 | D        | Killed a titan
  1240 | D        | Killed a nargun
  1248 | D        | Killed an azure jelly
  1252 | D        | Killed a frost giant
  1256 | D        | Paralysed by a wendigo for 1 turns
  1262 | D        | Killed a wendigo
  1341 | D        | Found a transporter.
  1349 | D        | Got the staff of True Grit {rC+ Dex+3 Conj Summ Ice}
  1358 | D        | Got the amulet "Gepe" {Reflect rF+ Slay+3 SH+5}
  1377 | D        | Got the Compendium of Potent Cinders
  1392 | D        | Entered arena 15.
  1394 | D        | Noticed a merfolk impaler
  1394 | D        | Noticed a merfolk aquamancer
  1409 | D        | Found a transporter.
  1413 | D        | Killed a merfolk impaler
  1418 | D        | Killed a merfolk aquamancer
  1419 | D        | Reached skill level 15 in Shapeshifting
  1422 | D        | Reached XP level 13. HP: 55/120 MP: 1/13
  1539 | D        | Got the ring of Ysacefux {rElec rCorr Str+6 Dex+3}
  1590 | D        | Entered arena 16.
  1592 | D        | Noticed a merfolk impaler
  1592 | D        | Noticed a merfolk impaler
  1592 | D        | Noticed a merfolk javelineer
  1592 | D        | Noticed a merfolk javelineer
  1602 | D        | Found a transporter.
  1616 | D        | Killed a merfolk impaler
  1617 | D        | Killed a merfolk javelineer
  1617 | D        | Killed a merfolk javelineer
  1624 | D        | Killed a merfolk impaler
  1726 | D        | Entered arena 17.
  1744 | D        | Found a transporter.
  1899 | D        | Entered arena 18.
  1902 | D        | Found the ring of the Mage {Wiz Archmagi}
  1902 | D        | Found the +4 consecrated labrys {holy, Valiant ^Fragile Fly
                  | SInv}
  1922 | D        | Found a transporter.
  2009 | D        | Entered arena 19.
  2012 | D        | Noticed a white very ugly thing
  2012 | D        | Noticed a green very ugly thing
  2032 | D        | Killed a green very ugly thing
  2035 | D        | Killed a green very ugly thing
  2036 | D        | Reached XP level 14. HP: 103/128 MP: 12/14
  2044 | D        | a glass eye changed into a broodmother
  2044 | D        | Noticed a broodmother (glowing shapeshifter)
  2047 | D        | a broodmother changed into a radroach
  2117 | D        | Found a transporter.
  2134 | D        | Got the ring of Pantheism {rPois rF+ Dex+4 SInv}
  2153 | D        | Entered arena 20.
  2158 | D        | Noticed a rockslime
  2158 | D        | Noticed an azure jelly
  2158 | D        | Noticed an azure jelly
  2158 | D        | Found the +5 scythe "Finisher" {speed, execute}
  2172 | D        | Noticed an azure jelly
  2172 | D        | Noticed a rockslime
  2177 | D        | Killed a rockslime
  2193 | D        | Killed an azure jelly
  2201 | D        | Killed an azure jelly
  2202 | D        | Killed a rockslime
  2209 | D        | Killed an azure jelly
  2210 | D        | Reached skill level 15 in Evocations
  2260 | D        | Found a transporter.
  2325 | D        | Entered arena 21.
  2329 | D        | Noticed a frost giant
  2329 | D        | Noticed a stone giant
  2329 | D        | Noticed a fire giant
  2329 | D        | Noticed a titan
  2329 | D        | Noticed a titan
  2329 | D        | Noticed a frost giant
  2329 | D        | Noticed a fire giant
  2329 | D        | Noticed a stone giant
  2330 | D        | Noticed a fire giant
  2340 | D        | Noticed a fire giant
  2343 | D        | Killed a frost giant
  2348 | D        | Killed a fire giant
  2348 | D        | Noticed a stone giant
  2349 | D        | Noticed a frost giant
  2349 | D        | Noticed a frost giant
  2353 | D        | Killed a frost giant
  2366 | D        | Noticed a titan
  2366 | D        | Killed a stone giant
  2368 | D        | Noticed a titan
  2371 | D        | Killed a fire giant
  2373 | D        | Killed a fire giant
  2378 | D        | Killed a frost giant
  2380 | D        | Killed a stone giant
  2381 | D        | Reached XP level 15. HP: 83/134 MP: 21/21
  2384 | D        | Killed a titan
  2389 | D        | Killed a fire giant
  2389 | D        | Killed a titan
  2390 | D        | Noticed a frost giant
  2399 | D        | Noticed a fire giant
  2403 | D        | Killed a titan
  2406 | D        | Killed a titan
  2412 | D        | Reached skill level 10 in Dodging
  2419 | D        | Killed a fire giant
  2420 | D        | Killed a frost giant
  2421 | D        | Killed a frost giant
  2530 | D        | Found a transporter.
  2540 | D        | Got Fisouc's Compendium of the Earthen End
  2604 | D        | Entered arena 22.
  2608 | D        | Noticed a quicksilver dragon
  2608 | D        | Noticed an iron dragon
  2609 | D        | Noticed a quicksilver dragon
  2617 | D        | Killed a quicksilver dragon
  2621 | D        | Noticed an iron dragon
  2623 | D        | Noticed an iron dragon
  2625 | D        | Killed an iron dragon
  2628 | D        | Noticed a quicksilver dragon
  2634 | D        | Killed an iron dragon
  2634 | D        | Killed an iron dragon
  2638 | D        | Noticed an iron dragon
  2639 | D        | Killed a quicksilver dragon
  2642 | D        | Killed an iron dragon
  2644 | D        | Noticed an iron dragon
  2649 | D        | Killed a quicksilver dragon
  2655 | D        | Found the +4 Cigotuvi's embrace {Corpsefed rMiasma ^Drain
                  | rN+}
  2655 | D        | Found the +10 tower shield of Ignorance {rN+ Int-4}
  2657 | D        | Found a transporter.
  2661 | D        | Killed an iron dragon
  2754 | D        | Got the scarf of the Past {repulsion, rF+ MP+9}
  2805 | D        | Got Wyrise's Essays on the Volcano
  2830 | D        | Got the +6 sling of Honesty {speed, rCorr}
  2843 | D        | Got the amulet of the Hungering Priest {Reflect *Corrode
                  | rPois rC+ Will+ SH+5}
  2933 | D        | Entered arena 23.
  2939 | D        | Noticed a deep elf blademaster
  2939 | D        | Noticed a deep elf master archer
  2939 | D        | Noticed a deep elf sorcerer
  2939 | D        | Noticed a deep elf blademaster
  2939 | D        | Noticed a deep elf sorcerer
  2940 | D        | Noticed a deep elf master archer
  2940 | D        | Noticed a deep elf blademaster
  2941 | D        | Identified the +2 leather armour of Hide-and-Seek {rPois
                  | rC+}
  2941 | D        | Noticed a deep elf blademaster
  2945 | D        | Identified the orb of Servitude {mayhem, Dex+3}
  2954 | D        | Killed a deep elf blademaster
  2954 | D        | Killed a deep elf blademaster
  2954 | D        | Killed a deep elf master archer
  2955 | D        | Reached XP level 16. HP: 109/143 MP: 22/22
  2958 | D        | Killed a deep elf blademaster
  2962 | D        | Noticed a deep elf master archer
  2967 | D        | Killed a deep elf master archer
  2978 | D        | Killed a deep elf master archer
  2979 | D        | Killed a deep elf blademaster
  2999 | D        | Identified the +0 arbalest of Guihest {heavy, Str+5}
  3095 | D        | Found a transporter.
  3156 | D        | Entered arena 24.
  3162 | D        | Noticed a searing wretch
  3162 | D        | Noticed a searing wretch
  3162 | D        | Noticed a searing wretch
  3162 | D        | Noticed a searing wretch
  3162 | D        | Noticed a hellephant
  3162 | D        | Noticed a searing wretch
  3162 | D        | Noticed a searing wretch
  3162 | D        | Noticed a searing wretch
  3162 | D        | Noticed a searing wretch
  3162 | D        | Noticed a searing wretch
  3162 | D        | Noticed a hellephant
  3164 | D        | Identified the +11 morningstar "Tiowk" {freeze, rPois}
  3168 | D        | Noticed a hellephant
  3173 | D        | Noticed a searing wretch
  3173 | D        | Noticed a Brimstone Fiend
  3175 | D        | Noticed a searing wretch
  3175 | D        | Identified the +3 trident of a Gauntlet {venom, rC+ Int+5}
  3176 | D        | Noticed a searing wretch
  3177 | D        | Killed a hellephant
  3179 | D        | Noticed a hellephant
  3179 | D        | Noticed a Brimstone Fiend
  3182 | D        | Noticed a searing wretch
  3183 | D        | Killed a searing wretch
  3183 | D        | Killed a searing wretch
  3185 | D        | Killed a searing wretch
  3185 | D        | Killed a searing wretch
  3185 | D        | Killed a searing wretch
  3186 | D        | Killed a searing wretch
  3186 | D        | Killed a searing wretch
  3188 | D        | Killed a searing wretch
  3188 | D        | Killed a searing wretch
  3188 | D        | Noticed a searing wretch
  3189 | D        | Reached skill level 27 in Evocations
  3191 | D        | Reached XP level 17. HP: 92/151 MP: 23/23
  3192 | D        | Noticed a hellephant
  3194 | D        | Killed a searing wretch
  3195 | D        | Killed a hellephant
  3196 | D        | Killed a Brimstone Fiend
  3200 | D        | Killed a searing wretch
  3200 | D        | Killed a hellephant
  3200 | D        | Killed a Brimstone Fiend
  3202 | D        | Killed a searing wretch
  3209 | D        | Killed a searing wretch
  3211 | D        | Killed a searing wretch
  3212 | D        | Noticed a searing wretch
  3222 | D        | Killed a searing wretch
  3232 | D        | Killed a hellephant
  3269 | D        | Killed a hellephant
  3326 | D        | Found a transporter.
  3394 | D        | Got the +7 chain mail "Uzifraet" {rElec Regen+ Dex+4}
  3403 | D        | Entered arena 25.
  3411 | D        | Found the ring of the Tortoise {AC+8}
  3412 | D        | Found the +3 giant club "Skullcrusher" {speed, Str+7}
  3419 | D        | Reached skill level 27 in Fighting
  3488 | D        | Found a transporter.
  3512 | D        | Got Miwunaateo's Handbook of Ensnaring Projection
  3521 | D        | Got the ring "Igaawut" {rF+ Dex+5}
  3615 | D        | Got the ring "Emif" {rC+ rCorr Dex+6}
  3618 | D        | Got the Tome of Creation
  3634 | D        | Entered arena 26.
  3643 | D        | Noticed a titan
  3643 | D        | Noticed a titan
  3643 | D        | Found the +5 Lochaber axe {reach-cleave, Poleaxe ^Drain}
  3643 | D        | Noticed a titan
  3644 | D        | Noticed a titan
  3646 | D        | Noticed a titan
  3664 | D        | Killed a titan
  3667 | D        | Killed a titan
  3669 | D        | Killed a titan
  3670 | D        | Reached skill level 15 in Dodging
  3673 | D        | Killed a titan
  3674 | D        | Reached XP level 18. HP: 154/182 MP: 24/24
  3691 | D        | Killed a titan
  3781 | D        | Found the +3 greatsling "Punk" {acid, rCorr}
  3782 | D        | Found a transporter.
  3815 | D        | Got the Quarto of Ill-starred Xanthosis
  3831 | D        | Found the +5 robe of Night {Dark Will+ SInv}
  3867 | D        | Got the +2 pair of boots of the Kitsune {Dex+6}
  3903 | D        | Entered arena 27.
  3913 | D        | Identified the amulet of Xeumaani {Reflect Rampage rC+
                  | Slay+6 SH+5}
  3914 | D        | Found the +8 pair of quick blades "Gyre" and "Gimble"
                  | {protect}
  3920 | D        | Reached skill level 27 in Dodging
  3946 | D        | Found a transporter.
  4043 | D        | Found the +8 demon blade "Leech" {evervamp, Harm ^Drain
                  | rN+}
  4070 | D        | Got Vagg's Tome of the Necropsy
  4081 | D        | Got Sif Muna's Almanac of Frostbite and the Wind
  4123 | D        | Entered arena 28.
  4131 | D        | Noticed Nessos
  4131 | D        | Noticed the Royal Jelly
  4131 | D        | Noticed Urug
  4131 | D        | Noticed the Enchantress
  4132 | D        | Noticed Harold
  4132 | D        | Found the +6 sword of Cerebov {flame}
  4132 | D        | Noticed Cerebov
  4133 | D        | Noticed Ereshkigal
  4133 | D        | Noticed Geryon
  4134 | D        | Noticed Snorg
  4135 | D        | Killed Harold
  4135 | D        | Killed Urug
  4135 | D        | Noticed Azrael
  4136 | D        | Killed the Enchantress
  4136 | D        | Noticed Ignacio
  4136 | D        | Identified the +6 arbalest "Fapn" {penet, rElec}
  4136 | D        | Noticed Agnes
  4137 | D        | Noticed Chuck
  4137 | D        | Noticed Xtahua
  4137 | D        | Noticed the Serpent of Hell
  4138 | D        | Noticed Mennas
  4138 | D        | Identified the orb "Maniegru" {light, rF+}
  4138 | D        | Identified the ring of Borghunu {rPois rC+ Int+2}
  4138 | D        | Noticed Frederick
  4138 | D        | Noticed Lom Lobon
  4138 | D        | Noticed Sojobo
  4139 | D        | Noticed Sonja
  4141 | D        | Killed Nessos
  4146 | D        | Killed the Royal Jelly
  4146 | D        | Killed Snorg
  4146 | D        | Killed Crazy Yiuf
  4146 | D        | Killed Eustachio
  4146 | D        | Killed Sigmund
  4146 | D        | Killed Sonja
  4146 | D        | Killed Ijyb
  4147 | D        | Reached XP level 19. HP: 185/189 MP: 32/32
  4149 | D        | Killed Ignacio
  4154 | D        | Killed Agnes
  4156 | D        | Found the +4 dragonskin cloak
  4156 | D        | Identified the amulet of the Cuttlefish {rN++ Will+ Regen+
                  | rCorr Int-3}
  4156 | D        | Noticed Tiamat
  4162 | D        | Killed Nergalle
  4174 | D        | Noticed Rupert
  4174 | D        | Noticed Nellie
  4175 | D        | Killed Azrael
  4175 | D        | Killed Sojobo
  4175 | D        | Killed Frederick
  4175 | D        | Killed Rupert
  4177 | D        | Noticed Louise
  4177 | D        | Killed Mennas
  4180 | D        | Killed Geryon
  4180 | D        | Killed Louise
  4180 | D        | Noticed Jory
  4180 | D        | Noticed a golden dragon
  4181 | D        | Noticed Kirke
  4182 | D        | Found the macabre finger necklace {Finger+ rN+}
  4182 | D        | Identified the +5 long sword of Fucuw {vamp, rN+ Int+4}
  4182 | D        | Noticed Margery
  4184 | D        | Killed Nellie
  4184 | D        | Noticed Nikola
  4185 | D        | Noticed Menkaure
  4186 | D        | Killed Chuck
  4198 | D        | Identified the ring "Jorud" {rElec rPois rC+ Will+ Int-2}
  4198 | D        | Noticed Antaeus
  4202 | D        | Killed Nikola
  4203 | D        | Found a transporter.
  4207 | D        | Noticed a Tzitzimitl
  4215 | D        | Killed Menkaure
  4218 | D        | Killed the Serpent of Hell
  4287 | D        | Got the Orb of Zot
  4289 | D        | Escaped with the Orb!

Illustrated notes

Levels and vault maps discovered:
D:        sprint_v [room_start, room_1, room_2, room_3, room_4, room_5, room_6,
          room_7, room_8, room_9, room_10, room_11, room_12, room_13, room_14,
          room_15, room_16, room_17, room_18, room_19, room_20, room_21,
          room_22, room_23, room_24, room_25, room_26, room_27]

Skill      XL: |  1  2  3  4  5  6  7  8  9 10 11 12 13 14 15 16 17 18 19 |
---------------+----------------------------------------------------------+-----
Ranged Weapons | 7 8 11 12 13 16 18 | 18.0
Evocations     | 6 11 12 22 25 27 | 27.0
Armour         | 10 16 25 26 | 26.5
Fighting       | 6 10 17 18 27 | 27.0
Dodging        | 3 5 14 19 27 | 27.0
Shapeshifting  | 8 15 21 23 25 26 | 26.8
Spellcasting   | 4 9 |  9.1
Stealth        | |  0.7

Action                     |  1- 3 |  4- 6 |  7- 9 | 10-12 | 13-15 | 16-18 | 19-21 || total
---------------------------+-------+-------+-------+-------+-------+-------+-------++-------
   Fire: Hand cannon       |     8 |     8 |    47 |   133 |   239 |   116 |     3 ||   554
         Sling             |     8 |     8 |    47 |   133 |   239 |   103 |       ||   538
         Greatsling        |       |       |       |       |       |    13 |     3 ||    16
   Cast: Apportation       |       |       |       |       |       |       |     1 ||     1
 Invoke: Potion Petition   |       |       |       |     6 |    20 |     6 |    15 ||    47
Ability: Evoke Blink       |       |       |       |       |    10 |       |     6 ||    16
         Siphon Essence    |       |       |       |       |     1 |       |       ||     1
  Evoke: Wand              |    10 |       |     1 |    26 |    29 |     1 |       ||    67
         Box of beasts     |       |       |       |       |    17 |    12 |     3 ||    32
         Phantom mirror    |       |       |       |       |    14 |    12 |     2 ||    28
         Tin of tremorston |       |       |       |       |     3 |    43 |     2 ||    48
         Phial of floods   |       |       |       |       |       |     2 |       ||     2
         Lightning rod     |       |       |       |       |       |     3 |       ||     3
    Use: Potion            |     8 |       |     4 |    15 |       |       |       ||    27
         Scroll            |       |       |     1 |     6 |     9 |     1 |       ||    17
 Armour: Storm dragon scal |     9 |     4 |    56 |   129 |       |       |       ||   198
         Chain mail        |       |       |       |    17 |   192 |     7 |    28 ||   244
         Gold dragon scale |       |       |       |       |    12 |   151 |       ||   163
  Dodge: Dodged            |     2 |     1 |    59 |    88 |   143 |   146 |    28 ||   467
         Repelled          |       |       |       |       |       |     9 |     2 ||    11
  Block: Other             |       |       |       |     1 |    38 |    23 |     4 ||    66
         Reflection        |       |       |       |       |     1 |     3 |     2 ||     6
   Form: Death             |       |       |       |       |     1 |       |       ||     1

Table legend: (Time is in decaauts)
 A = Elapsed time spent in this place.
 B = Non-inter-level travel time spent in this place.
 C = Inter-level travel time spent in this place.
 D = Time resting spent in this place.
 E = Time spent auto-exploring this place.
 F = Levels seen in this place.
 G = Mean time per level.
                   A        B        C        D        E       F      G
               +--------+--------+--------+--------+--------+-----+--------+
         Total |   4074 |   4047 |     27 |     77 |   1730 |   1 | 4074.0 |
       Dungeon |   4074 |   4047 |     27 |     77 |   1730 |   1 | 4074.0 |
               +--------+--------+--------+--------+--------+-----+--------+

Top non-repeatable levels by time:
       D: 4074 daAuts
